Map: Triton LE

Players

ViBE

  • Race: Terran Terran
  • League: Master
  • Spawn Location: 11:00

Rowrin - Winner!

  • Race: Terran Terran
  • League: Master
  • Spawn Location: 5:00

VOD

Have the link to the VOD?

Description

Time

  • Played on: Dec. 26, 2019, 11:41 p.m.
  • Length: 12:11
Show
View Real Time Build Order
Export as new Build Order

ViBE Terran 

Build Orders: Reaper Expand, Mech 

Get SALT Encoding   

  12  0:00  SCV  
  13  0:12  SCV  
  14  0:17  Supply Depot  
  14  0:25  SCV  
  15  0:39  SCV  
  15  0:42  Barracks  
  16  0:46  Refinery  
  16  0:51  SCV  
  17  1:03  SCV  
  18  1:20  SCV  
  19  1:33  Orbital Command, Reaper  
  20  1:47  Command Center  
  20  2:00  SCV  
  21  2:12  Supply Depot  
  21  2:14  SCV  
  22  2:15  Factory  
  22  2:17  Refinery  
  22  2:26  Bunker  
  22  2:27  SCV  
  23  2:34  Marine  
  23  2:37  Supply Depot  
  24  2:41  SCV  
  25  2:52  Barracks Tech Lab  
  25  2:58  SCV  
  26  3:03  Starport  
  26  3:05  Orbital Command  
  26  3:10  SCV  
  27  3:16  Siege Tank  
  30  3:22  SCV  
  31  3:31  Supply Depot  
  31  3:37  SCV  
  31  3:38  SCV  
  31  3:40  Barracks Reactor, Viking  
  31  4:05  SCV x2  
  33  4:13  Siege Tank  
  33  4:16  Command Center  
  36  4:17  SCV x2  
  38  4:27  Viking  
  38  4:30  Supply Depot  
  40  4:33  SCV, Viking  
  40  4:35  SCV  
  45  4:45  SCV  
  45  4:47  SCV  
  46  4:52  Refinery  
  46  4:55  Supply Depot  
  46  4:57  SCV  
  46  4:58  Viking  
  46  4:59  SCV  
  50  5:03  Supply Depot  
  50  5:09  SCV  
  50  5:11  SCV  
  52  5:15  Refinery  
  52  5:19  Siege Tank  
  55  5:22  SCV  
  55  5:23  SCV  
  55  5:24  Viking  
  59  5:32  Command Center  
  59  5:34  SCV  
  60  5:35  SCV  
  61  5:43  Orbital Command  
  61  5:46  SCV  
  61  5:48  SCV  
  63  5:55  Factory  
  63  5:56  Factory  
  63  5:58  SCV, Siege Tank  
  63  6:00  SCV  
  68  6:05  Viking  
  68  6:10  SCV  
  71  6:11  SCV  
  71  6:12  SCV  
  73  6:22  SCV  
  73  6:23  SCV  
  73  6:24  SCV  
  76  6:29  Engineering Bay  
  76  6:33  Armory  
  76  6:34  SCV  
  76  6:35  SCV, Factory  
  76  6:36  SCV  
  79  6:41  Factory  
  79  6:42  Factory Tech Lab x2  
  79  6:46  SCV  
  80  6:47  SCV  
  80  6:52  Siege Tank  
  84  6:54  SCV  
  84  6:58  SCV, Refinery  
  84  6:59  Refinery  
  84  7:00  SCV  
  84  7:01  Sensor Tower  
  87  7:07  SCV  
  88  7:10  SCV, Supply Depot  
  88  7:12  SCV, Supply Depot x2, Planetary Fortress  
  90  7:19  SCV  
  91  7:23  SCV, Factory Reactor  
  91  7:24  SCV, Factory Reactor  
  93  7:31  Siege Tank  
  93  7:33  Hellion x2  
  93  7:34  SCV  
  93  7:35  SCV  
  93  7:36  SCV  
  103  7:40  Supply Depot  
  103  7:42  Terran Vehicle And Ship Armor Level 1  
  103  7:46  SCV  
  102  8:05  Siege Tank x2  
  108  8:06  Hellion, Command Center  
  110  8:14  Viking x2  
  114  8:20  Neosteel Armor  
  114  8:35  Siege Tank  
  114  8:37  Hellion x2  
  114  8:38  Hellion x2  
  125  8:43  Supply Depot  
  125  8:44  Supply Depot  
  125  8:45  Supply Depot  
  125  8:48  Sensor Tower  
  125  8:55  Liberator  
  125  9:02  Siege Tank x2  
  120  9:08  Siege Tank  
  116  9:13  Hellion x3  
  125  9:21  SCV x3  
  125  9:22  Planetary Fortress  
  125  9:23  Refinery  
  128  9:26  Refinery  
  128  9:33  SCV x3  
  128  9:34  Siege Tank x2  
  128  9:36  Sensor Tower, Viking  
  139  9:43  Terran Vehicle And Ship Armor Level 2  
  139  9:45  SCV  
  140  9:47  Hellion x3  
  140  9:48  Hellion  
  148  9:59  Siege Tank  
  151  10:05  SCV x2  
  153  10:10  Command Center  
  153  10:25  Armory  
  153  10:29  Starport  
  153  10:31  Starport  
  153  10:32  Viking x2  
  153  10:33  Siege Tank x2  
  153  10:34  Fusion Core  
  163  10:42  Hellion  
  168  10:43  Hellion x3  
  168  10:46  Supply Depot  
  168  10:47  Supply Depot  
  170  11:06  Supply Depot, Starport Reactor  
  170  11:07  Starport Reactor  
  170  11:08  Siege Tank  
  173  11:19  SCV  
  173  11:20  SCV x2  
  176  11:39  Viking x2  
Show
View Real Time Build Order
Export as new Build Order

Rowrin Terran - Winner!

Build Orders: Gas First Reaper Expand 

Get SALT Encoding   

  12  0:01  SCV  
  13  0:13  SCV  
  14  0:17  Supply Depot  
  14  0:25  SCV  
  14  0:27  Refinery  
  15  0:38  SCV  
  16  0:45  Barracks  
  16  0:51  SCV  
  17  1:03  SCV  
  18  1:15  SCV  
  19  1:32  Orbital Command  
  19  1:33  Reaper  
  20  1:48  Command Center  
  20  1:57  SCV  
  20  2:00  Supply Depot  
  21  2:05  Reaper  
  22  2:09  SCV  
  23  2:17  Factory  
  23  2:25  SCV  
  23  2:28  Refinery  
  24  2:37  SCV  
  25  2:41  Reaper  
  26  2:49  SCV  
  27  3:00  Orbital Command  
  27  3:01  SCV  
  27  3:03  Factory Tech Lab  
  27  3:04  Starport  
  28  3:13  Barracks Reactor  
  28  3:26  SCV x2  
  30  3:32  Refinery  
  30  3:36  Siege Tank  
  30  3:38  SCV x2  
  35  3:50  SCV x2  
  36  4:03  Marine  
  36  4:04  Marine  
  36  4:05  Viking  
  36  4:07  SCV  
  36  4:08  Command Center  
  39  4:13  SCV  
  40  4:20  Siege Tank  
  40  4:21  Marine  
  40  4:22  Marine  
  40  4:23  SCV  
  46  4:27  Supply Depot  
  46  4:33  SCV  
  47  4:40  Barracks  
  47  4:41  Barracks  
  47  4:42  Marine x2  
  47  4:44  Starport Reactor  
  49  4:47  SCV x2  
  49  4:51  Supply Depot  
  51  4:55  Siege Tank  
  51  4:59  SCV x2  
  56  5:00  Refinery  
  56  5:02  Marine x2  
  58  5:11  SCV x2  
  60  5:20  Supply Depot  
  60  5:22  Marine x2  
  60  5:25  SCV  
  60  5:26  Orbital Command  
  60  5:27  SCV  
  64  5:30  Siege Tank  
  64  5:31  Barracks Tech Lab x2  
  64  5:32  Medivac  
  64  5:33  Medivac  
  71  5:38  SCV  
  71  5:39  SCV  
  73  5:46  Orbital Command, Engineering Bay  
  73  5:47  Engineering Bay  
  73  5:50  SCV, Supply Depot  
  74  5:57  Marine  
  74  5:58  Marine x3  
  74  6:00  Combat Shield, Stimpack  
  78  6:04  SCV x2  
  80  6:17  Marine x4, Terran Infantry Weapons Level 1, Terran Infantry Armor Level 1  
  84  6:18  SCV  
  84  6:23  Viking  
  87  6:29  Siege Tank  
  91  6:32  SCV  
  91  6:33  SCV x2  
  93  6:44  Marine x4, SCV  
  93  6:45  SCV x2  
  100  6:51  Sensor Tower  
  100  6:57  Missile Turret  
  100  6:58  Missile Turret  
  100  6:59  Supply Depot  
  100  7:00  SCV, Viking  
  103  7:01  Marine x2  
  103  7:02  Supply Depot x2  
  103  7:07  Marine x2  
  107  7:19  Marine x2  
  107  7:22  Viking  
  111  7:24  SCV x3  
  111  7:25  Marine x2  
  111  7:28  Barracks  
  111  7:29  Barracks  
  115  7:33  Viking  
  115  7:36  SCV  
  118  7:37  Marine x2  
  118  7:42  Marine  
  121  7:50  Marine  
  122  7:55  Marine x2  
  124  8:00  Marine  
  124  8:02  Viking  
  124  8:03  Viking  
  127  8:08  Marine  
  127  8:10  SCV x3  
  127  8:11  Command Center  
  131  8:17  Barracks Reactor x2, Armory  
  131  8:18  Marine x2  
  133  8:22  SCV  
  133  8:26  Marine x2  
  136  8:27  SCV x2  
  136  8:31  Refinery  
  136  8:32  Concussive Shells, Refinery  
  136  8:33  Viking  
  140  8:34  SCV  
  140  8:36  Factory x2  
  140  8:38  Marine, Supply Depot, Viking  
  126  9:04  Marine x3  
  117  9:12  Marine x4  
  117  9:13  Siege Tank  
  117  9:14  Viking x2  
  128  9:21  Factory Tech Lab  
  128  9:22  Marine x4, Factory Tech Lab  
  132  9:28  SCV x3, Planetary Fortress  
  132  9:30  Marine x2, Missile Turret  
  132  9:31  Marine x2  
  139  9:32  Terran Infantry Weapons Level 2, Terran Infantry Armor Level 2  
  139  9:34  Terran Ship Weapons Level 1  
  139  9:40  Marine x3  
  139  9:41  Thor  
  148  9:49  SCV  
  148  9:50  SCV  
  148  9:51  Thor  
  148  9:52  Supply Depot  
  156  9:53  Supply Depot  
  156  10:01  Marine x3  
  156  10:02  Marine x4  
  163  10:09  Refinery  
  163  10:10  Refinery  
  163  10:18  Thor  
  163  10:20  Viking x2  
  173  10:27  Starport  
  173  10:28  Sensor Tower  
  172  10:39  Command Center  
  172  10:40  Thor  
  178  10:55  Viking x2  
  182  11:04  Starport  
  181  11:18  Starport Reactor  
  181  11:27  Marine x3, Viking x2  
  181  11:31  Marine  
  188  11:50  Marine  
  188  11:52  Marine x2  
Tags
 
Add a new tag
Caveats
  • Supply blocks, unpowered buildings, or Contaminate may cause inaccurate times.
  • Supply counts are checked every 10 seconds.